 Dungeon Crawl Stone Soup version 0.28-a0-1396-gdcb3f3653b (webtiles) character file.

Game seed: 15254795228433484297

43369 Delamore the Impaler (level 14, 0/110 HPs)
             Began as a Formicid Fighter on Jan 5, 2022.
             Was the Champion of Okawaru.
             Killed from afar by a rime drake (18 damage)
             ... with a flash freeze
             ... on level 6 of the Lair of Beasts.
             The game lasted 00:31:33 (21730 turns).

Delamore the Impaler (Formicid Fighter)            Turns: 21730, Time: 00:31:33

Health: 0/110      AC: 15    Str: 47    XL:     14   Next: 60%
Magic:  5/5        EV: 11    Int: 10    God:    Okawaru [******]
Gold:   1454       SH: 20    Dex: 18    Spells: 13/13 levels left

rFire   + + .      SeeInvis +   u - +1 demon trident of Valour {freeze, Will+ MP-9 Str+3 Dex+3}
rCold   + . .      Faith    .   j - +0 tower shield of Tirruz {rF++ rN+ Int+3}
rNeg    + . .      Spirit   .   p - +1 ring mail "Hadeuh" {Will+ Str+7 Dex+5}
rPois   +          Reflect  .   (helmet unavailable)
rElec   .          Harm     .   n - +1 cloak "Ifimeghe" {Int+3 SInv}
rCorr   .          Rampage  +   e - +2 pair of gloves
Will    +++..                   B - +2 pair of boots {rampage}
Stlth   +.........              Y - amulet of regeneration
HPRegen 1.08/turn               r - ring of Prescription {rPois rC+ Str+6 Int-5 SInv}
MPRegen 0.09/turn               I - +6 ring of strength

@: studying Crossbows
A: permanent stasis, dig shafts and tunnels, antennae 3, four strong arms
a: Dig, Shaft Self, Renounce Religion, Heroism, Finesse, Duel


You were on level 6 of the Lair of Beasts.
You worshipped Okawaru.
Okawaru was exalted by your worship.
You visited 2 branches of the dungeon, and saw 17 of its levels.
You also visited: Sewer, Bailey and Volcano.

You collected 1454 gold pieces.

Inventory:

Hand Weapons
 a - a +1 bardiche of flaming
 u - the +1 demon trident of Valour (weapon) {freeze, Will+ MP-9 Str+3 Dex+3}
   (Okawaru gifted it to you on level 2 of the Lair of Beasts)

   It freezes those it strikes, dealing additional cold damage.
   It can also slow down cold-blooded creatures.
   Str:       It affects your strength (+3).
   Dex:       It affects your dexterity (+3).
   MP:        It affects your magic capacity (-9).
   Will:      It increases your willpower.
Missiles
 b - 12 curare-tipped darts
 g - 93 poisoned darts (quivered)
 E - 4 boomerangs
 H - 3 throwing nets
 Q - a silver boomerang
Armour
 e - a +2 pair of gloves (worn)
 j - the +0 tower shield of Tirruz (worn) {rF++ rN+ Int+3}
   (You acquired it on level 2 of the Dungeon)

   Int:       It affects your intelligence (+3).
   rF:        It greatly protects you from fire.
   rN:        It protects you from negative energy.
 n - the +1 cloak "Ifimeghe" (worn) {Int+3 SInv}
   (You found it in a volcano)

   Int:       It affects your intelligence (+3).
   SInv:      It lets you see invisible.
 p - the +1 ring mail "Hadeuh" (worn) {Will+ Str+7 Dex+5}
   (You found it on level 4 of the Dungeon)

   Str:       It affects your strength (+7).
   Dex:       It affects your dexterity (+5).
   Will:      It increases your willpower.
 B - a +2 pair of boots of rampaging (worn)
 C - a +2 crystal plate armour
Jewellery
 r - the ring of Prescription (left hand) {rPois rC+ Str+6 Int-5 SInv}
   (You acquired it on level 3 of the Dungeon)

   [ring of poison resistance]

   Str:       It affects your strength (+6).
   Int:       It affects your intelligence (-5).
   rC:        It protects you from cold.
   rPois:     It protects you from poison.
   SInv:      It lets you see invisible.
 x - a ring of magical power
 A - a ring of protection from cold
 D - a ring of flight
 I - a +6 ring of strength (right hand)
 O - a ring of protection from cold
 Y - an amulet of regeneration (around neck)
Wands
 f - a wand of iceblast (24)
 s - a wand of charming (8)
 t - a wand of polymorph (3)
 y - a wand of paralysis (8)
 F - a wand of acid (12)
 G - a wand of flame (18)
 K - a wand of digging (7)
 P - a wand of mindburst (7)
Scrolls
 l - 3 scrolls of fear
 m - 2 scrolls of vulnerability
 v - 2 scrolls of noise
 w - a scroll of brand weapon
 J - a scroll of amnesia
 L - 2 scrolls of enchant weapon
 M - a scroll of magic mapping
 N - 3 scrolls of silence
 S - 3 scrolls of fog
 T - a scroll of enchant armour
 X - a scroll of summoning
Potions
 c - 3 potions of resistance
 d - 2 potions of might
 h - 8 potions of curing
 i - 3 potions of mutation
 k - a potion of invisibility
 o - 3 potions of heal wounds
 q - a potion of flight
 z - 2 potions of brilliance
 R - a potion of ambrosia
 W - a potion of cancellation
 Z - 2 potions of magic
Miscellaneous
 U - a phial of floods


   Skills:
 - Level 10.0 Fighting
 + Level 18.5 Polearms
 - Level 5.0 Throwing
 - Level 3.2 Armour
 - Level 15.0 Shields


You had 13 spell levels left.
You didn't know any spells.
Your spell library contained the following spells:

 Spells                   Type           Power      Damage    Failure   Level
 Magic Dart               Conj           0%         1d3       43%         1
 Static Discharge         Conj/Air       0%         N/A       56%         2
 Mephitic Cloud           Conj/Pois/Air  0%         N/A       80%         3
 Airstrike                Air            0%         N/A       99%         4
 Olgreb's Toxic Radiance  Pois           0%         N/A       99%         4
 Passage of Golubria      Tloc           0%         N/A       99%         4
 Fireball                 Conj/Fire      0%         3d3       100%        5
 Lightning Bolt           Conj/Air       0%         1d11      100%        5
 Silence                  Hex/Air        0%         N/A       100%        5
 Starburst                Conj/Fire      0%         6d3       100%        6
 Ozocubu's Refrigeration  Ice            0%         4d5       100%        7
 Ignition                 Fire           0%         3d3       100%        8
 Maxwell's Capacitive Co  Air            0%         ∞         100%        8
 Call Imp                 Summ           Unusable   N/A       N/A         2
 Summon Forest            Summ/Tloc      Unusable   N/A       N/A         5

Dungeon Overview and Level Annotations

Branches:
Dungeon (11/15)            Temple (0/1) D:4            Lair (6/6) D:10
  Snake (0/4) Lair:4       Spider (0/4) Lair:4          Orc (0/2) D:11
  Sewer (visited)          Bailey (visited)         Volcano (visited)
  Slime: Lair:5-6

Altars:
Fedhas
Hepliaklqana
Nemelex Xobeh
Okawaru
Ru
Sif Muna
Trog
Vehumet
Wu Jian
Yredelemnul
Zin
The Shining One

Shops:
D:5 :

Portals:
Trove: D:10 (give +6 demon trident)

Annotations:
D:4 3 runed translucent doors, balagan2's ghost, amateur DsGl; chipmonk's ghost, novice DrTm
D:6 2 transporters, fly's ghost, novice DgTm


Innate Abilities, Weirdness & Mutations

You cannot be hasted, slowed, berserked, paralysed or teleported.
You can dig through walls and to a lower floor.
You have a pair of large antennae on your head. (SInv)
Your four strong arms can wield two-handed weapons with a shield.


Message History

You block the yak's attack.
You block the six-headed hydra's attack. x2
The six-headed hydra barely misses you.
The six-headed hydra bites you but does no damage. x2
You block the six-headed hydra's attack.
The yak gores you!
The rime drake bites you but does no damage.
You see here a blink frog corpse.
You barely miss the yak. The ice encasing you melts away.
You block the yak's attack.
You block the six-headed hydra's attack. x2
The six-headed hydra completely misses you.
The six-headed hydra bites you. x2
* * * LOW HITPOINT WARNING * * *
The six-headed hydra closely misses you.
The yak gores you.
* * * LOW HITPOINT WARNING * * *
The yak gores you but does no damage. The yak gores you!
* * * LOW HITPOINT WARNING * * *
The basilisk gazes at you. You resist with almost no effort.
You block the yak's attack. The rime drake breathes ice at you.
You block the flash freeze. The basilisk gazes at you.
You resist with almost no effort. The basilisk gazes at you.
You resist with almost no effort. You block the yak's attack.
The six-headed hydra bites you.
* * * LOW HITPOINT WARNING * * *
You block the six-headed hydra's attack.
The six-headed hydra bites you but does no damage.
The six-headed hydra bites you!
* * * LOW HITPOINT WARNING * * *
The six-headed hydra barely misses you.
You block the six-headed hydra's attack.
The rime drake breathes ice at you. The flash freeze hits you!!
You partially resist.
You die...

### ##P#
#..############# ###
#P.PP.#....##..##..#.
##...................
#....................
##...................
#................P.)
#.......YFk@.....PP.
#......Y..D........#
##........YY......(.#
#...........l......##
##...................
##....†..............
#....................
#.P..................
#.P................


You could see a six-headed hydra, 4 yaks, a basilisk, a blink frog and a rime
drake (catching breath).

Vanquished Creatures
  The ghost of Wuw Late the Geomancer, a journeyman GrEE of Vehumet (Lair:2)
  Erolcha (D:9)
  8 hydras
  Erica (D:8)
  6 death yaks (Lair:3)
  A tengu warrior (D:10)
  Sonja (Lair:3)
  2 orc knights (Bailey)
  A cyclops (D:9)
  A toenail golem (Volcano)
  An ice statue (Lair:2)
  2 black mambas
  A torpor snail (Lair:2)
  2 molten gargoyles (Volcano)
  3 cane toads
  A rime drake (Lair:3)
  2 efreet (Volcano)
  7 komodo dragons
  Maggie (D:7)
  A troll (D:10)
  5 burning bushes (Lair:2)
  2 polar bears
  Grinder (D:4)
  2 snapping turtles (D:10)
  22 blink frogs
  A meliai zombie (D:10)
  A hornet (D:11)
  A wraith (D:10)
  A shadow (D:11)
  37 yaks
  2 wyverns
  Sigmund (D:4)
  6 fire elementals (Volcano)
  2 basilisks
  8 vampire mosquitoes
  Edmund (D:6)
  Menkaure (D:4)
  2 nagas (Lair:4)
  13 water moccasins
  6 orc warriors
  A sky beast (D:7)
  7 black bears
  2 ice beasts
  2 necrophages (D:4)
  3 ogres
  7 wolves
  5 centaurs
  3 phantoms
  2 kobold brigands
  3 earth elementals (Volcano)
  20 bullfrogs
  A gnoll sergeant (D:9)
  4 scorpions
  A water moccasin skeleton (D:5)
  14 killer bees
  10 wights
  4 centaur zombies
  A human zombie (D:4)
  2 jellies
  A centaur skeleton (D:6)
  A gnoll shaman (D:5)
  5 hounds
  2 orc priests
  Terence (D:2)
  2 iguanas (D:5)
  10 orc wizards
  5 hell rats (Lair:5)
  A scorpion zombie (D:4)
  2 killer bee zombies
  2 hound zombies
  2 mummies (D:4)
  A howler monkey skeleton (D:6)
  16 gnolls
  13 adders
  A shadow imp (D:5)
  A white imp (D:7)
  An ufetubus (D:6)
  4 adder zombies (D:4)
  5 worms
  3 dart slugs
  59 orcs
  9 ball pythons
  9 bats
  7 endoplasms
  9 giant cockroaches (Sewer)
  9 goblins
  6 hobgoblins
  8 quokkas
  12 frilled lizards
  A jackal skeleton (D:4)
  A jackal zombie (D:3)
  23 kobolds
  6 rats
  A fire vortex (Volcano)
490 creatures vanquished.

Vanquished Creatures (others)
  An orc wizard (D:5)
  A frilled lizard (D:1)
  A bush (Lair:2)
  A fire vortex (Volcano)
  23 fungi
  21 plants
48 creatures vanquished.

Grand Total: 538 creatures vanquished

Notes
Turn   | Place    | Note
-------+----------+-------------------------------------------
     0 | D:1      | Delamore the Formicid Fighter began the quest for the Orb.
     0 | D:1      | Reached XP level 1. HP: 18/18 MP: 1/1
   187 | D:1      | You fall into a shaft and drop 1 floor!
   280 | D:1      | Reached XP level 2. HP: 24/24 MP: 2/2
   631 | D:1      | Reached skill level 3 in Polearms
  1134 | D:1      | Reached XP level 3. HP: 29/29 MP: 3/3
  1209 | D:2      | Identified a scroll of acquirement
  1209 | D:2      | Acquired the +0 tower shield of Tirruz {rF++ rN+ Int+3}
  1231 | D:2      | Found a radiant altar of Vehumet.
  1588 | D:2      | Noticed Terence
  1923 | D:2      | Killed Terence
  1924 | D:2      | Reached XP level 4. HP: 34/35 MP: 4/4
  2089 | D:2      | Found a faded altar of an unknown god.
  2123 | D:2      | Reached skill level 4 in Polearms
  2153 | D:2      | Found the +18 Lear's hauberk
  2528 | D:3      | Reached XP level 5. HP: 31/41 MP: 5/5
  2617 | D:3      | Found a glowing drain.
  2626 | D:3      | Reached skill level 5 in Shields
  2649 | Sewer    | Entered a sewer
  3207 | Sewer    | Reached XP level 6. HP: 47/47 MP: 6/6
  3322 | Sewer    | Reached skill level 5 in Polearms
  3540 | D:3      | Acquired the ring of Prescription {rPois rC+ Str+6 Int-5
                  | SInv}
  3851 | D:3      | Reached XP level 7. HP: 41/52 MP: 7/7
  4691 | D:4      | Identified the +1 ring mail "Hadeuh" {Will+ Str+7 Dex+5}
  4708 | D:4      | Noticed Grinder
  4709 | D:4      | Found a sparkling altar of Nemelex Xobeh.
  4766 | D:4      | Killed Grinder
  4767 | D:4      | Reached skill level 6 in Polearms
  4877 | D:4      | Found a runed translucent gate.
  4877 | D:4      | Found a runed translucent gate.
  4877 | D:4      | Found a runed translucent gate.
  4892 | D:4      | Noticed Sigmund
  4916 | D:4      | Killed Sigmund
  4917 | D:4      | Reached XP level 8. HP: 51/58 MP: 8/8
  5297 | D:4      | Reached skill level 7 in Polearms
  5427 | D:4      | Found an iron altar of Okawaru.
  5495 | D:4      | Became a worshipper of Warmaster Okawaru
  5856 | D:4      | Found a staircase to the Ecumenical Temple.
  5857 | D:4      | Noticed Menkaure
  5870 | D:4      | Killed Menkaure
  6361 | D:4      | Reached XP level 9. HP: 35/64 MP: 5/9
  6569 | D:4      | Reached skill level 8 in Polearms
  6590 | D:4      | Found a basalt altar of Yredelemnul.
  6645 | D:4      | Noticed balagan2's ghost (amateur DsGl)
  6645 | D:4      | Noticed chipmonk's ghost (novice DrTm)
  6757 | D:5      | Entered Level 5 of the Dungeon
  6764 | D:5      | Found a radiant altar of Vehumet.
  6843 | D:5      | Found a bloodstained altar of Trog.
  6848 | D:5      | Reached * piety under Okawaru
  6849 | D:5      | Reached skill level 10 in Shields
  7149 | D:5      | Found Tybot's Book Shoppe.
  7167 | D:5      | Reached skill level 9 in Polearms
  7574 | D:5      | Found the +1 Delatra's gloves {ID++}
  7883 | D:5      | Reached ** piety under Okawaru
  8268 | D:6      | Reached XP level 10. HP: 70/70 MP: 10/10
  8434 | D:6      | Found a transporter.
  8434 | D:6      | Found a transporter.
  8434 | D:6      | Noticed fly's ghost (novice DgTm)
  8609 | D:6      | Noticed Edmund
  8635 | D:6      | Killed Edmund
  8871 | D:7      | Reached skill level 10 in Polearms
  9110 | D:7      | Found a flagged portal.
  9117 | Bailey   | Entered a bailey
  9310 | Bailey   | Noticed an orc knight
  9310 | Bailey   | Noticed an orc knight
  9346 | Bailey   | Killed an orc knight
  9346 | Bailey   | Reached *** piety under Okawaru
  9360 | Bailey   | Killed an orc knight
 10053 | D:7      | Found a glowing silver altar of Zin.
 10066 | D:7      | Reached skill level 11 in Polearms
 10580 | D:7      | Noticed Maggie
 10586 | D:7      | Found an ornate altar of the Wu Jian Council.
 10589 | D:7      | Found a shimmering blue altar of Sif Muna.
 10592 | D:7      | Killed Maggie
 10592 | D:7      | Reached **** piety under Okawaru
 11073 | D:8      | Noticed Erica
 11261 | D:8      | Killed Erica
 11262 | D:8      | Reached XP level 11. HP: 54/75 MP: 3/11
 12407 | D:9      | Noticed Erolcha
 12412 | D:9      | Killed Erolcha
 12413 | D:9      | Reached skill level 12 in Polearms
 12484 | D:9      | Reached ***** piety under Okawaru
 12496 | D:9      | Found a hazy altar of Hepliaklqana.
 12993 | D:9      | Found a sacrificial altar of Ru.
 12994 | D:9      | Noticed a cyclops
 13000 | D:9      | Killed a cyclops
 13081 | D:9      | Found a glowing golden altar of the Shining One.
 13441 | D:10     | Entered Level 10 of the Dungeon
 13541 | D:10     | Got Dox Kigy's Compendium of Spatial Feathers
 13546 | D:10     | Noticed a tengu warrior
 13563 | D:10     | Killed a tengu warrior
 13917 | D:10     | Noticed a five-headed hydra
 13920 | D:10     | Reached skill level 15 in Shields
 14179 | D:10     | Found a staircase to the Lair.
 14205 | D:10     | Reached skill level 13 in Polearms
 14271 | D:10     | Killed a seven-headed hydra
 14271 | D:10     | Identified the +2 trident "Xus Hoze" {freeze, Fly rF- Str+4
                  | SInv} (Okawaru gifted it to you on level 10 of the Dungeon)
 14271 | D:10     | Received a gift from Okawaru
 14437 | D:10     | Found a portal to a secret trove of treasure.
 14696 | D:10     | Reached XP level 12. HP: 81/81 MP: 12/12
 14786 | D:10     | Found a blossoming altar of Fedhas.
 15297 | D:10     | HP: 4/81 [snapping turtle (20)]
 16006 | D:11     | Identified the +6 hand axe "Egisuh" {holy, rF+ rC+}
 16060 | D:11     | Reached skill level 14 in Polearms
 16174 | D:11     | Found a staircase to the Orcish Mines.
 16790 | Lair:1   | Entered Level 1 of the Lair of Beasts
 17226 | Lair:1   | Reached skill level 15 in Polearms
 17235 | Lair:1   | Reached skill level 1 in Throwing
 17514 | Lair:2   | Noticed a six-headed hydra
 17515 | Lair:2   | Found a transporter.
 17522 | Lair:2   | Killed a six-headed hydra
 17541 | Lair:2   | Noticed an eight-headed hydra
 17555 | Lair:2   | Noticed Wuw Late's ghost (journeyman GrEE)
 17567 | Lair:2   | Found a dark tunnel.
 17577 | Volcano  | Entered a volcano
 17829 | Volcano  | Identified the +1 cloak "Ifimeghe" {Int+3 SInv}
 17842 | Volcano  | Identified the +0 hat "Hyabrugg" {Regen+ Str+3}
 17934 | Volcano  | Reached skill level 5 in Fighting
 18089 | Lair:2   | Reached ****** piety under Okawaru
 18090 | Lair:2   | Reached XP level 13. HP: 86/92 MP: 13/13
 18142 | Lair:2   | Found a transporter.
 18165 | Lair:2   | Noticed a five-headed hydra
 18177 | Lair:2   | Killed a five-headed hydra
 18177 | Lair:2   | Received a gift from Okawaru
 18282 | Lair:2   | Reached skill level 5 in Throwing
 18437 | Lair:2   | Identified the +1 demon trident of Valour {freeze, Will+
                  | MP-9 Str+3 Dex+3} (Okawaru gifted it to you on level 2 of
                  | the Lair of Beasts)
 18437 | Lair:2   | Received a gift from Okawaru
 18524 | Lair:2   | Reached skill level 16 in Polearms
 18578 | Lair:2   | Noticed a seven-headed hydra
 18583 | Lair:2   | Killed a seven-headed hydra
 18825 | Lair:2   | Killed an eight-headed hydra
 18837 | Lair:2   | Killed Wuw Late's ghost
 19030 | Lair:3   | Received a gift from Okawaru
 19158 | Lair:3   | Reached XP level 14. HP: 99/108 MP: 5/14
 19242 | Lair:3   | You fall into a shaft and drop 1 floor!
 19359 | Lair:3   | Reached skill level 10 in Fighting
 19387 | Lair:3   | Reached skill level 17 in Polearms
 19647 | Lair:3   | Noticed Sonja
 19651 | Lair:3   | Killed Sonja
 19895 | Lair:4   | Identified the +1 robe of Vuanaj {rCorr Int+3} (Okawaru
                  | gifted it to you on level 4 of the Lair of Beasts)
 19895 | Lair:4   | Received a gift from Okawaru
 19918 | Lair:4   | Found a staircase to the Snake Pit.
 19944 | Lair:4   | Found a hole to the Spider Nest.
 20760 | Lair:5   | Reached skill level 18 in Polearms
 21688 | Lair:6   | Entered Level 6 of the Lair of Beasts
 21730 | Lair:6   | Killed from afar by a rime drake

Illustrated notes

Levels and vault maps discovered:
D:1:      co_arrival_random_square_maze, layout_basic
D:2:      layout_loops_corners, ebering_ecumenical_altar_mist, basic_altar,
          uniq_terence
D:3:      kennysheep_big_flooded_room, layout_basic, gup_sewer_entry_bubbles
D:4:      layout_basic, mainiacjoe_overflow_cross_hatched,
          mainiacjoe_overflow_boulevard, lemuel_mausoleum_altar_yredelemnul,
          minmay_temple_entry_nine_rooms, gammafunk_ghost_cemetery,
          uniq_sigmund, uniq_menkaure, uniq_grinder
D:5:      layout_basic, trog_ov_bears_minmay, mainiacjoe_overflow_chevrons,
          serial_shops, shop, pf_guarded_unrand_delatra
D:6:      layout_basic, gammafunk_ghost_smash, uniq_edmund
D:7:      layout_loops_corners, lemuel_round_altar,
          mainiacjoe_overflow_catwalk_spiral, serial_co_window_serial,
          co_window_of_opportunity_a, co_window_corner_a,
          co_window_of_opportunity_a, co_window_paths_a, co_window_paths_a,
          co_window_paths_a, co_window_2corner, co_window_corner_b,
          co_window_corner_ca, co_window_paths_d, glass_columns_a,
          glass_columns_a, glass_columns_a, glass_columns_b, enter_bailey_1,
          uniq_maggie
D:8:      layout_gridville, uniq_erica
D:9:      layout_long_grid, mainiacjoe_overflow_six_doors_small, tso_altar,
          nicolae_overflow_crystal_walls, uniq_erolcha
D:10:     layout_roguey, old_standard_altar, due_lair_maze_entry_diamond,
          enter_trove_6, serial_aquarium, aquarium_bridge_straight
          [aquarium_subvault_bridge, aquarium_subvault_window,
          aquarium_subvault_bridge, aquarium_subvault_window],
          aquarium_window_2, aquarium_window_2, aquarium_window_corridor_1,
          aquarium_view_2c, aquarium_view_2c, aquarium_pool_corner, st_stairs_4
D:11:     layout_basic, orc_0_dummy
Lair:1:   layout_roguey
Lair:2:   layout_loops_ring, nicolae_volcano_entry_hallway, nzn_ghost_randoct,
          evilmike_ambush [evilmike_ambush_outer_basic,
          evilmike_ambush_inner_pond]
Lair:3:   layout_cave_pods, grunt_megastairs_2, uniq_sonja
Lair:4:   layout_cave_pods, minmay_snake_entry_guardpost_small,
          spider_nest_entry_a, st_stairs_7, uniq_nessos
Lair:5:   layout_cave_pods
Lair:6:   evilmike_catoblepas_cave, layout_long_grid,
          nicolae_slime_entry_slimehenge, kennysheep_snail_temple

Skill      XL: |  1  2  3  4  5  6  7  8  9 10 11 12 13 14 |
---------------+-------------------------------------------+-----
Polearms       | 3 4 5 6 7 9 11 13 15 16 18 | 18.5
Shields        | 4 5 6 7 9 11 13 15 | 15.0
Throwing       | 3 5 |  5.0
Fighting       | 5 9 10 | 10.0
Armour         | |  3.2

Action                   |  1- 3 |  4- 6 |  7- 9 | 10-12 | 13-15 || total
-------------------------+-------+-------+-------+-------+-------++-------
Melee: Trident           |   118 |    22 |   269 |   550 |   131 ||  1090
       Whip              |       |   228 |   186 |       |       ||   414
       Glaive            |       |       |       |   271 |       ||   271
       Demon trident     |       |       |       |       |   345 ||   345
Throw: Dart              |       |       |    14 |    13 |       ||    27
       Boomerang         |       |       |       |     4 |       ||     4
Invok: Heroism           |       |       |     1 |     7 |     1 ||     9
       Finesse           |       |       |       |     3 |       ||     3
 Abil: Dig               |       |       |       |     1 |       ||     1
Evoke: Wand              |       |       |       |     4 |       ||     4
  Use: Scroll            |     2 |     3 |     9 |     9 |     6 ||    29
       Potion            |       |       |     1 |     1 |       ||     2
 Stab: Paralysed         |       |       |       |    17 |       ||    17
Armor: Scale mail        |    51 |   150 |    44 |       |       ||   245
       Ring mail         |       |       |    57 |   164 |    76 ||   297
Dodge: Dodged            |    29 |    69 |    87 |   194 |    68 ||   447
Block: Buckler           |     6 |       |       |       |       ||     6
       Tower shield      |    39 |   212 |   308 |   616 |   271 ||  1446

Table legend: (Time is in decaauts)
 A = Elapsed time spent in this place.
 B = Non-inter-level travel time spent in this place.
 C = Inter-level travel time spent in this place.
 D = Time resting spent in this place.
 E = Time spent auto-exploring this place.
 F = Levels seen in this place.
 G = Mean time per level.
                   A        B        C        D        E       F      G
               +--------+--------+--------+--------+--------+-----+--------+
         Total |  21722 |  20910 |    812 |   3138 |  13445 |  20 | 1086.1 |
       Dungeon |  15417 |  14752 |    665 |   2655 |   9329 |  11 | 1401.5 |
          Lair |   4273 |   4126 |    147 |    129 |   3307 |   6 |  712.2 |
         Sewer |    928 |    928 |      0 |     95 |    475 |   1 |  928.0 |
        Bailey |    701 |    701 |      0 |    123 |    310 |   1 |  701.0 |
       Volcano |    401 |    401 |      0 |    136 |     23 |   1 |  401.0 |
               +--------+--------+--------+--------+--------+-----+--------+

Top non-repeatable levels by time:
     D:4: 2007 daAuts
     D:9: 1924 daAuts
     D:7: 1667 daAuts
    D:10: 1622 daAuts
     D:1: 1475 daAuts
     D:3: 1392 daAuts
     D:2: 1276 daAuts
     D:5: 1259 daAuts
     D:8: 1191 daAuts
  Lair:5: 1030 daAuts
   Sewer: 928 daAuts
  Lair:2: 898 daAuts
  Lair:3: 806 daAuts
  Lair:4: 805 daAuts
     D:6: 803 daAuts
